cohdb
Replays
Latest Replays
All Replays
Popular Replays
Top Player Replays
Match Explorer
How It Works
Community
CoH3 Stats
Reddit
Sign in to upload your games and track your stats! →
Sign in with Steam
Match 41543375
Unlisted
Match 41543375
Overview
Messages
Build Orders
End
Panzergrenadier Squad
Selects Italian Infantry
Panzergrenadier Squad
Construct Light Support Kompanie
MG34 Team
Selects Defensive Operations
Fire Support Elements
Panzerjäger Squad
2.5-tonne Medical Truck
Pak 38 Anti-tank Gun Team
Selects Guastatori Squad
Construct Panzerarmee Kommand
arbif99
鷹教皇
Dave
MegaMan
DarkBlaze
Peruz
0
0
Comments
sign in to comment!
No comments posted yet!